 Dungeon Crawl Stone Soup version 0.30-b1-2-g02819fbbbe (webtiles) character file.

Game seed: 12380111380013834413

3518123 emiel the Executioner (level 26, 220/220 HPs)
             Began as a Demonspawn Delver on Jan 2, 2024.
             Was a High Priest of Cheibriados.
             Escaped with the Orb
             ... and 5 runes!
             The game lasted 01:22:08 (60155 turns).

emiel the Executioner (Demonspawn Delver)          Turns: 60155, Time: 01:22:08

Health: 220/220    AC: 44    Str: 39 (40) XL:     26   Next: 92%
Magic:  32/32      EV: 27    Int: 27      God:    Cheibriados [*****.]
Gold:   5908       SH:  5    Dex: 31      Spells: 27/35 levels left

rFire   + + .        E - +9 executioner's axe "Trog's Outrage" {vamp, Str+3}
rCold   + . .        (shield currently unavailable)
rNeg    . . .        H - +10 plate armour {rF+}
rPois   .            X - +2 helmet {Int+3}
rElec   .            S - +2 cloak {Will+}
rCorr   +            C - +2 pair of gloves {Str+3}
SInv    .            (boots unavailable)
Will    ++...        n - amulet of reflection Stlth
                     f - ring "Nisiurghi" {Fly rF+}
HPRegen 0.56/turn    D - ring of protection from cold
MPRegen 0.23/turn

%: random rage (3%), reflection
@: flying, very slow
A: hooves 3, yellow scales 3, powered by pain 3, spiny 3, black mark,
bedeviling, aura of silence, agile 1, berserk 1, wild magic 1
0: Orb of Zot
}: 5/15 runes: serpentine, barnacled, slimy, silver, abyssal
a: Renounce Religion, Bend Time, Temporal Distortion, Slouch, Step From Time


You escaped.
You worshipped Cheibriados.
Cheibriados was extremely pleased with you.
You visited 11 branches of the dungeon, and saw 53 of its levels.
You visited the Abyss 2 times.
You visited 1 bazaar.
You visited 1 ziggurat, and saw 3 of its levels.
You also visited: Trove, Bailey and Gauntlet.

You collected 11386 gold pieces.
You spent 5478 gold pieces at shops.

Inventory:

Hand Weapons
 E - the +9 executioner's axe "Trog's Outrage" (weapon) {vamp, Str+3}
   (You acquired it in a bailey)

   Str:       It affects your strength (+3).
Missiles
 k - 27 silver javelins (quivered)
 s - 30 javelins
 L - 4 throwing nets
 O - 16 curare-tipped darts
Armour
 C - a +2 pair of gloves of strength (worn)
 H - a +10 plate armour of fire resistance (worn)
 S - a +2 cloak of willpower (worn)
 X - a +2 helmet of intelligence (worn)
Jewellery
 f - the ring "Nisiurghi" (left hand) {Fly rF+}
   (You found it on level 5 of the Pits of Slime)

   [ring of flight]

   rF:        It protects you from fire.
   Fly:       It grants you flight.
 g - a +4 ring of slaying
 n - an amulet of reflection (around neck)
 q - the ring of Sediown {rElec EV+5}
   (You acquired it on level 5 of the Dungeon)

   [ring of evasion]

   EV:        It affects your evasion (+5).
   rElec:     It insulates you from electricity.
 D - a ring of protection from cold (right hand)
 F - the ring of Due Proportion {Fly rF+++ Will- EV+5 Str-4}
   (You acquired it on level 2 of the Realm of Zot)

   [ring of evasion]

   EV:        It affects your evasion (+5).
   Str:       It affects your strength (-4).
   rF:        It renders you almost immune to fire.
   Fly:       It grants you flight.
   Will:      It decreases your willpower.
 Q - the amulet of Coronation {*Corrode rN+ Regen+ Int+3}
   (You found it on level 3 of the Realm of Zot)

   [amulet of regeneration]

   Int:       It affects your intelligence (+3).
   rN:        It protects you from negative energy.
   Regen:     It increases your rate of health regeneration.
   *Corrode:  It may corrode you when you take damage.
Wands
 m - a wand of charming (108)
 o - a wand of polymorph (16)
 r - a wand of light (33)
 u - a wand of mindburst (33)
 N - a wand of iceblast (54)
 T - a wand of digging (30)
Scrolls
 c - 6 scrolls of fog
 d - 3 scrolls of magic mapping
 e - 7 scrolls of silence
 h - 35 scrolls of teleportation
 j - 3 scrolls of enchant armour
 p - 9 scrolls of fear
 t - 12 scrolls of immolation
 y - 9 scrolls of amnesia
 I - 3 scrolls of blinking
 M - a scroll of butterflies
 R - 41 scrolls of identify
 U - 5 scrolls of torment
 W - 9 scrolls of vulnerability
Potions
 a - 9 potions of magic
 b - 3 potions of invisibility
 i - 20 potions of curing
 l - 3 potions of resistance
 w - 3 potions of cancellation
 x - 11 potions of attraction
 z - 10 potions of mutation
 A - 6 potions of berserk rage
 B - 8 potions of flight
 G - 5 potions of might
 K - 4 potions of heal wounds
 V - 9 potions of lignification
 Y - 9 potions of brilliance
 Z - a potion of ambrosia
Miscellaneous
 v - a condenser vane
 J - a phial of floods
 P - a lightning rod (4/4)


   Skills:
 + Level 20.8 Fighting
 + Level 23.2 Axes
 + Level 17.0 Throwing
 + Level 19.2 Armour
 + Level 17.5 Dodging
 - Level 4.5 Stealth
 - Level 5.0 Spellcasting
 + Level 11.4 Necromancy
 - Level 5.0 Poison Magic
 - Level 12.0 Invocations
 + Level 14.4 Evocations


You had 27 spell levels left.
You knew the following spells:

 Your Spells              Type           Power      Damage    Failure   Level
a - Olgreb's Toxic Radia  Pois           43%        N/A       36%         4
b - Animate Dead          Necr           73%        N/A       3%          4

Your spell library contained the following spells:

 Spells                   Type           Power      Damage    Failure   Level
 Necrotise                Necr           100%       1d9       1%          1
 Vampiric Draining        Necr           73%        2d11      1%          3
 Dispel Undead            Necr           73%        3d24      3%          4
 Kiss of Death            Conj/Necr      100%       2d13      4%          1
 Cigotuvi's Dreadful Rot  Necr/Pois/Air  94%        N/A       6%          2
 Sting                    Tmut/Pois      100%       1d8       12%         1
 Poisonous Vapours        Pois/Air       52%        N/A       17%         2
 Foxfire                  Conj/Fire      32%        2x1d5     30%         1
 Freeze                   Ice            32%        1d5       30%         1
 Slow                     Hex            52%        N/A       30%         1
 Summon Small Mammal      Summ           32%        N/A       30%         1
 Anguish                  Hex/Necr       32%        N/A       30%         4
 Death Channel            Necr           36%        N/A       38%         6
 Blink                    Tloc           16%        N/A       41%         2
 Ensorcelled Hibernation  Hex/Ice        26%        N/A       41%         2
 Lesser Beckoning         Tloc           16%        N/A       41%         2
 Momentum Strike          Conj/Tloc      16%        3d8       41%         2
 Passwall                 Tmut/Erth      6%         N/A       41%         2
 Ignite Poison            Fire/Tmut/Pois 20%        N/A       43%         3
 Borgnjor's Vile Clutch   Necr/Erth      24%        N/A       61%         5
 Call Canine Familiar     Summ           8%         N/A       63%         3
 Confusing Touch          Hex            13%        N/A       63%         3
 Dazzling Flash           Conj/Hex       26%        N/A       63%         3
 Frozen Ramparts          Ice            16%        1d3       63%         3
 Gell's Gravitas          Tloc           8%         N/A       63%         3
 Portal Projectile        Hex/Tloc       26%        N/A       63%         3
 Stone Arrow              Conj/Erth      16%        3d8       63%         3
 Swiftness                Air            8%         N/A       63%         3
 Teleport Other           Tloc           8%         N/A       63%         3
 Vhi's Electric Charge    Tloc/Air       16%        N/A       63%         3
 Volatile Blastmotes      Fire/Tloc      16%        2d11      63%         3
 Airstrike                Air            4%         2d(1-17)  95%         4
 Animate Armour           Summ/Erth      16%        N/A       95%         4
 Ice Form                 Ice/Tmut       8%         N/A       95%         4
 Iskenderun's Mystic Bla  Conj/Tloc      8%         2d4       95%         4
 Leda's Liquefaction      Hex/Erth       6%         N/A       95%         4
 Petrify                  Tmut/Erth      8%         N/A       95%         4
 Sticky Flame             Conj/Fire      8%         2d3       95%         4
 Summon Ice Beast         Ice/Summ       8%         N/A       95%         4
 Arcjolt                  Conj/Air       4%         1d14      100%        5
 Fireball                 Conj/Fire      4%         3d4       100%        5
 Irradiate                Conj/Tmut      4%         3d13      100%        5
 Iskenderun's Battlesphe  Conj           8%         2d6       100%        5
 Lee's Rapid Deconstruct  Erth           4%         3d5*      100%        5
 Metabolic Englaciation   Hex/Ice        6%         N/A       100%        5
 Conjure Ball Lightning   Conj/Air       4%         3x3d6     100%        6
 Plasma Beam              Fire/Air       4%         2x1d15    100%        6
 Starburst                Conj/Fire      4%         6d3       100%        6
 Statue Form              Tmut/Erth      5%         N/A       100%        6
 Enfeeble                 Hex            6%         N/A       100%        7
 Orb of Destruction       Conj           4%         9d5       100%        7
 Ozocubu's Refrigeration  Ice            4%         4d8       100%        7
 Borgnjor's Revivificati  Necr           36%        N/A       100%        8
 Ignition                 Fire           4%         3d4       100%        8
 Lehudib's Crystal Spear  Conj/Erth      4%         10d3      100%        8
 Necromutation            Tmut/Necr      24%        N/A       100%        8
 Summon Horrible Things   Summ           4%         N/A       100%        8
 Chain Lightning          Conj/Air       4%         3d5       100%        9
 Death's Door             Necr           36%        N/A       100%        9
 Fire Storm               Conj/Fire      4%         8d1       100%        9
 Shatter                  Erth           4%         3d7*      100%        9


Dungeon Overview and Level Annotations

Branches:
Dungeon (15/15)            Temple (1/1) D:5            Lair (5/5) D:10
 Shoals (4/4) Lair:3        Snake (4/4) Lair:2        Slime (5/5) Lair:4
    Orc (2/2) D:10            Elf (3/3) Orc:2        Vaults (5/5) D:13
  Crypt (0/3) Vaults:3     Depths (4/4) D:15            Zot (5/5) Depths:4
 Bailey (visited)         Gauntlet (visited)

Altars:
Ashenzari
Cheibriados
Dithmenos
Fedhas
Gozag
Hepliaklqana
Kikubaaqudgha
Makhleb
Nemelex Xobeh
Okawaru
Qazlal
Ru
Sif Muna
Trog
Uskayaw
Vehumet
Wu Jian
Xom
Yredelemnul
Jiyva

Shops:
D:5 (?(*[   D:10 [   D:12 [*[   Orc:2 *=((   Shoals:1 [   Snake:3 :(
Depths:3 ?   Depths:4 !((*

Portals:
Hell: Depths:1 Depths:2 Depths:3 Depths:4
Abyss: Depths:3
Pandemonium: Depths:2
Bazaar: Vaults:1

Annotations:
D:9 exclusion: orange crystal statue
Shoals:2 3 runed translucent doors, Stirner's ghost, adept OgGl
Snake:3 Roxanne
Elf:2 3 runed translucent doors
Zot:4 6 transporters


Innate Abilities, Weirdness & Mutations

You have hooves in place of feet.
You are completely covered in yellow scales. (AC +4, rCorr)
You are powered by pain.
You are completely covered in sharp spines.
Your melee attacks may debilitate your foes.
Your hexes are more powerful.
You are surrounded by an aura of silence.
You are agile. (Dex +4, Str/Int -1)
You sometimes lose your temper in combat.
Your spells are a little harder to cast, but a little more powerful.


Message History

There is a stone staircase leading down here.
(D) Dungeon (T) Temple (L) Lair (A) Shoals (P) Snake Pit (M) Slime Pits (O) Orcish Mines (E) Elven Halls (V) Vaults (C) Crypt (U) Depths (H) Hell (Z) Zot
Where to? (Enter - D:1, ? - help)
There is a stone staircase leading up here.
You fly upwards.
There is a stone staircase leading down here.
An orange demon comes into view.
Okay, then.
Throw: 30 javelins (silver)
Press: ? - help, Q - select action, (/) - cycle Shift-Dir - straight line, f - orange demon
Aim: an orange demon (84% to hit)
You throw a silver javelin.
The silver javelin pierces through the orange demon!!!
The orange demon is severely wounded.
Throw: 29 javelins (silver)
Press: ? - help, Q - select action, (/) - cycle Shift-Dir - straight line, f/p - orange demon
Aim: an orange demon (severely wounded, 84% to hit)
You throw a silver javelin.
The silver javelin pierces through the orange demon.
The orange demon is severely wounded.
Throw: 28 javelins (silver)
Press: ? - help, Q - select action, (/) - cycle Shift-Dir - straight line, f/p - orange demon
Aim: an orange demon (severely wounded, 84% to hit)
You throw a silver javelin.
The silver javelin pierces through the orange demon!!!
You kill the orange demon!
Cheibriados appreciates the change of pace.
(D) Dungeon (T) Temple (L) Lair (A) Shoals (P) Snake Pit (M) Slime Pits (O) Orcish Mines (E) Elven Halls (V) Vaults (C) Crypt (U) Depths (H) Hell (Z) Zot
Where to? (Enter - D:1 @ (x,y), ? - help) HP restored.
There is an open door here.
There is an open door here.
There is a staircase leading out of the dungeon here.
You have escaped!

#########...#######.# ##.#.#
....................# #....#
###################.# #...###
#.# #...... #.#######.#.###
#..............
##################.###
##.........## #.# #..♣..@..♣..#
#.# ##.........## #.# #####
#####'##### ######.#
######...######...######...##.#
....#.....................[.#.#
.##.#..⌠........⌠........⌠..#.#
.##.#.......................#.#
.##.##...######...######...##.#
.##.###'## ##>## ##'###.#


There were no monsters in sight!

Vanquished Creatures
  the Royal Jelly (Slime:5)
  An ancient lich (Zot:4)
  2 dread liches
  8 orbs of fire
  A juggernaut (Depths:2)
  Bai Suzhen (Snake:3)
  8 Killer Klowns
  Saint Roka (Vaults:1)
  5 curse toes
  8 golden dragons
  the Enchantress (Depths:1)
  Nikola (Vaults:2)
  2 electric golems
  6 hellephants
  22 tentacled monstrosities
  An Ice Fiend (D:3)
  26 Orb Guardians
  4 liches
  8 quicksilver dragons
  A walking earthen tome (Depths:4)
  19 acid blobs
  2 deep elf blademasters (Elf:3)
  4 titans
  3 deep elf master archers (Elf:3)
  11 death cobs
  6 sphinxes
  A tentacled starspawn (Abyss:3)
  8 shadow dragons
  Kirke (Lair:5)
  13 storm dragons
  5 tengu reavers
  5 draconian knights
  6 rockslimes
  12 azure jellies
  3 nagarajas
  4 fire giants
  3 draconian monks
  9 deep elf sorcerers
  8 frost giants
  7 draconian scorchers
  4 iron dragons
  2 ghost moths (Zot:5)
  A caustic shrike zombie (Depths:1)
  4 draconian shifters
  Aizul (Snake:2)
  3 balrugs
  17 vault wardens
  6 orc warlords
  2 deep elf elementalists (Elf:3)
  5 draconian stormcallers
  5 draconian annihilators
  13 ironbound preservers
  20 stone giants
  3 cacodemons (Zot:3)
  6 spriggan defenders
  5 war gargoyles
  10 ironbound thunderhulks
  23 very ugly things
  A juggernaut skeleton (Depths:1)
  11 quicksilver oozes
  3 vampire knights
  12 green draconians
  11 white draconians
  6 deep elf demonologists
  An eleionoma (shapeshifter) (Vaults:5)
  A minotaur (Gauntlet)
  16 purple draconians
  10 black draconians
  8 deep elf annihilators
  15 spark wasps
  Azrael (Snake:3)
  9 red draconians
  31 dire elephants
  11 yellow draconians
  2 crystal guardians
  Snorg (D:10)
  11 ettins
  A blizzard demon (Zot:2)
  10 deep elf death magi
  A green death (Abyss:2)
  7 merfolk impalers (Shoals:4)
  3 jiangshi (Depths:1)
  4 great orbs of eyes
  An entropy weaver (shapeshifter) (D:14)
  8 fire dragons
  6 merfolk javelineers
  7 deep elf high priests
  23 yaktaur captains
  8 ice dragons
  7 rakshasas
  4 entropy weavers
  5 hydras
  4 salamander tyrants (Snake:4)
  41 vault guards
  A hydra (shapeshifter) (Vaults:5)
  2 merfolk avatars (Shoals:4)
  4 boulder beetles
  3 catoblepae
  17 two-headed ogres
  9 centaur warriors
  3 peacekeepers
  5 ogre magi
  14 anacondas
  7 merfolk aquamancers
  An anaconda (shapeshifter) (Vaults:5)
  A satyr (Shoals:2)
  6 spriggan air magi
  2 deep troll shamans (Depths:3)
  17 ironbound frosthearts
  14 dancing weapons
  An alligator snapping turtle (Shoals:2)
  An alligator (shapeshifter) (Vaults:5)
  5 tengu warriors
  5 death yaks (Lair:5)
  3 naga warriors
  8 hell hogs (Depths:4)
  10 shock serpents
  4 deep troll earth magi
  11 spriggan berserkers
  3 thrashing horrors
  3 orc high priests
  A shock serpent (shapeshifter) (Elf:1)
  3 wretched stars
  11 hell knights
  2 soul eaters (Depths:3)
  5 sun demons
  2 vampire magi (Vaults:3)
  The ghost of diceflayer the Fighter, a novice DsFi of Okawaru (D:8)
  5 skysharks
  13 naga sharpshooters
  5 iron trolls
  A sixfirhy (Abyss:2)
  5 deep elf knights
  2 glowing orange brains
  38 deep trolls
  8 sea snakes
  A skyshark (shapeshifter) (Vaults:5)
  5 salamander mystics
  4 flayed ghosts
  4 skeletal warriors (D:14)
  A spatial maelstrom (Abyss:3)
  5 naga ritualists
  14 deep elf archers
  A shadow demon (D:7)
  18 ironbound convokers
  10 wizards
  3 phantasmal warriors
  A golden dragon skeleton (Depths:1)
  7 lindwurms
  20 deep elf zephyrmancers
  27 harpies
  2 oklob plants (Shoals:3)
  26 deep elf pyromancers
  27 orc knights
  10 necromancers
  3 orc sorcerers
  8 cyclopes
  A stone giant zombie (Vaults:1)
  13 mana vipers
  54 ugly things
  4 shining eyes
  8 fauns
  A shining eye (shapeshifter) (Vaults:4)
  An iron dragon skeleton (Abyss:3)
  15 elephants
  25 salamanders
  Maurice (D:9)
  A frost giant skeleton (Vaults:1)
  30 moths of wrath
  10 manticores
  6 guardian serpents
  20 naga magi
  A rust devil (Depths:2)
  11 torpor snails
  10 water nymphs
  6 merfolk sirens
  The ghost of raph the Carver, a novice MiBe of Trog (D:5)
  25 black mambas
  2 gargoyles
  20 vault sentinels
  Joseph (Lair:1)
  8 smoke demons
  3 orange demons
  An unseen horror (shapeshifter) (Elf:2)
  15 cane toads
  Maggie (D:7)
  2 unseen horrors
  3 eyes of devastation
  A tormentor (Zot:1)
  3 rime drakes
  2 freezing wraiths
  3 kobold demonologists
  7 komodo dragons
  A yaktaur (shapeshifter) (D:15)
  8 tengu conjurers
  An efreet (D:13)
  2 ancient zymes
  A guardian mummy (Elf:3)
  35 yaktaurs
  4 tyrant leeches (Lair:5)
  11 trolls
  3 meliai (D:15)
  A polar bear (shapeshifter) (Elf:1)
  11 polar bears
  A tengu simulacrum (Vaults:1)
  12 merfolk
  7 wind drakes
  4 blink frogs (Lair:3)
  A meliai (shapeshifter) (Vaults:5)
  A tarantella (Vaults:1)
  9 hornets
  13 dream sheep
  8 raiju
  13 snapping turtles
  A fire giant simulacrum (Vaults:3)
  A spriggan zombie (Depths:1)
  Sigmund (D:3)
  3 flying skulls (Abyss:3)
  72 slime creatures
  A jumping spider (Vaults:3)
  3 air elementals (Shoals:4)
  A culicivora (Vaults:3)
  4 large abominations
  4 spriggans
  47 yaks
  A vampire (Abyss:2)
  A ynoxinul (Abyss:3)
  An elf simulacrum (Vaults:3)
  2 ushabtiu (Zig:1)
  23 water elementals
  3 wraiths
  3 basilisks
  8 fire elementals
  2 hogs (Lair:5)
  3 wyverns
  2 fire bats (Depths:3)
  3 chaos spawn
  A fire bat (shapeshifter) (D:14)
  9 golden eyes
  6 neqoxecs
  7 vampire mosquitoes
  7 redbacks
  6 wargs
  2 spatial vortices (Abyss:3)
  2 acid dragons
  44 nagas
  2 swamp worms (Gauntlet)
  Duvessa (D:5)
  Menkaure (D:6)
  3 glowing shapeshifter skeletons
  15 hell hounds
  13 water moccasins
  46 orc warriors
  3 human zombies
  12 black bears
  4 ice beasts
  A sky beast (D:6)
  25 ogres
  21 wolves
  10 centaurs
  A phantom (D:7)
  17 bullfrogs
  5 kobold brigands
  2 earth elementals
  2 gnoll sergeants
  A glowing shapeshifter simulacrum (Depths:1)
  4 wights
  A scorpion (D:5)
  Dowan (D:5)
  12 killer bees
  9 howler monkeys
  6 electric eels
  A crimson imp (Abyss:2)
  A quasit (Abyss:2)
  A human simulacrum (Vaults:1)
  3 gnoll boudas
  2 jellies
  8 small abominations
  30 orc priests
  2 sleepcaps
  An iron imp (Abyss:2)
  3 starcursed masses (Abyss:2)
  3 hounds
  Jessica (D:3)
  3 iguanas
  Natasha (thrice) (D:2)
  24 orc wizards
  A mummy (Zig:1)
  30 gnolls
  A river rat (shapeshifter) (Vaults:1)
  6 adders
  2 white imps
  3 ufetubi
  A worm (D:15)
  A dart slug (D:1)
  91 orcs
  5 endoplasms
  A giant cockroach (Depths:3)
  17 hobgoblins
  4 jackals (D:2)
  29 kobolds
  2 ball pythons
  2 bats (D:3)
  5 frilled lizards
  12 goblins
  2 rats (D:1)
  A lurking horror (Abyss:2)
  2 plants
  A starspawn tentacle (Abyss:3)
2388 creatures vanquished.

Vanquished Creatures (others)
  An ancient lich (Zot:2)
  A draconian annihilator (Zot:3)
  An ironbound thunderhulk (Vaults:4)
  A black draconian (Zot:5)
  A vampire mage (Depths:1)
  A wizard (Vaults:3)
  An orc sorcerer (Vaults:1)
  A merfolk siren (Shoals:3)
  A naga mage (Snake:4)
  A ynoxinul (Abyss:3)
  A human (Lair:5)
  A killer bee (D:8)
  A howler monkey (D:8)
  An orc priest (D:8)
  An orc (Vaults:1)
  4 demonic plants (Elf:1)
  41 fungi
  113 plants
  A starspawn tentacle (Abyss:3)
174 creatures vanquished.

Grand Total: 2562 creatures vanquished

Notes
Turn   | Place    | Note
-------+----------+-------------------------------------------
     0 | D:5      | emiel the Demonspawn Delver began the quest for the Orb.
     0 | D:5      | Reached XP level 1. HP: 18/18 MP: 1/1
     6 | D:5      | Found a staircase to the Ecumenical Temple.
    25 | D:5      | Noticed raph's ghost (novice MiBe)
    28 | D:5      | Found a runed translucent door.
    47 | Temple   | Entered the Ecumenical Temple
   336 | D:5      | Noticed a scorpion
   346 | D:5      | Noticed an orc priest
   347 | D:5      | Noticed an orc priest
   455 | D:4      | Reached skill level 2 in Axes
   509 | D:4      | Noticed a sleepcap
   570 | D:3      | Noticed a sleepcap
   644 | D:2      | Found a radiant altar of Vehumet.
   689 | D:2      | Gained mutation: You have large cloven feet. [demonic
                  | ancestry]
   689 | D:2      | Reached XP level 2. HP: 18/24 MP: 2/2
   820 | D:2      | Reached skill level 3 in Axes
   820 | D:2      | Reached XP level 3. HP: 25/29 MP: 3/3
   960 | D:2      | Noticed Natasha
   968 | D:2      | Killed Natasha
  1069 | D:2      | Noticed Natasha
  1080 | D:2      | Killed Natasha
  1081 | D:2      | Reached skill level 4 in Axes
  1081 | D:2      | Gained mutation: You are partially covered in sharp spines.
                  | [demonic ancestry]
  1081 | D:2      | Reached XP level 4. HP: 5/35 MP: 4/4
  1557 | D:2      | Found a radiant altar of Vehumet.
  1570 | D:2      | Noticed Natasha
  1577 | D:2      | Killed Natasha
  2776 | D:3      | Noticed Sigmund
  2800 | D:3      | Killed Sigmund
  2801 | D:3      | Reached skill level 5 in Axes
  2801 | D:3      | Gained mutation: You sometimes gain a little power by
                  | taking damage. [demonic ancestry]
  2801 | D:3      | Reached XP level 5. HP: 23/41 MP: 5/5
  2801 | D:3      | Reached XP level 6. HP: 26/47 MP: 6/6
  3110 | D:3      | Reached skill level 6 in Axes
  3214 | D:3      | Noticed Jessica
  3231 | D:3      | Killed Jessica
  3653 | D:4      | Reached skill level 1 in Evocations
  3739 | D:4      | Gained mutation: You sometimes gain power by taking damage.
                  | [demonic ancestry]
  3739 | D:4      | Reached XP level 7. HP: 6/52 MP: 7/7
  4010 | D:4      | Reached skill level 7 in Axes
  4482 | D:5      | Gained mutation: You are mostly covered in sharp spines.
                  | [demonic ancestry]
  4482 | D:5      | Reached XP level 8. HP: 54/58 MP: 8/8
  4550 | D:5      | Found Wiclakog's Weapon Boutique.
  4551 | D:5      | Found Xuesiu's Magic Scroll Shop.
  4553 | D:5      | Found Zeteal's Assorted Antiques.
  4586 | D:5      | Found Ymniegaw's Antique Weapon Boutique.
  4620 | D:5      | Reached skill level 8 in Axes
  4620 | D:5      | Reached skill level 5 in Evocations
  4687 | D:5      | Bought a crystal battleaxe for 195 gold pieces
  4687 | D:5      | Identified the +6 battleaxe "Woroloz" {freeze, rN+ Will+
                  | rCorr} (You bought it in a shop on level 5 of the Dungeon)
  4863 | D:5      | Noticed Duvessa
  4884 | D:5      | Noticed Dowan
  4884 | D:5      | Killed Duvessa
  4892 | D:5      | Killed Dowan
  4971 | D:5      | Found Nomewn's Armour Shoppe.
  5031 | D:5      | Found a stormy altar of Qazlal.
  5035 | D:5      | Found a shimmering altar of Xom.
  5136 | D:6      | Reached skill level 9 in Axes
  5396 | D:6      | Noticed Menkaure
  5401 | D:6      | Killed Menkaure
  5831 | D:6      | Reached XP level 9. HP: 50/63 MP: 9/9
  5895 | D:6      | Reached skill level 10 in Axes
  6708 | D:7      | Noticed Maggie
  6719 | D:7      | Killed Maggie
  6720 | D:7      | Reached skill level 11 in Axes
  6890 | D:7      | Noticed a manticore
  6894 | D:7      | Killed a manticore
  6895 | D:7      | Reached skill level 1 in Armour
  7426 | D:8      | Gained mutation: You are partially covered in yellow
                  | scales. (AC +2) [demonic ancestry]
  7426 | D:8      | Reached XP level 10. HP: 72/72 MP: 10/10
  7447 | D:8      | Found a flagged portal.
  7456 | Bailey   | Entered a bailey
  7556 | Bailey   | Noticed an orc knight
  7573 | Bailey   | Killed an orc knight
  7574 | Bailey   | Reached skill level 12 in Axes
  7963 | Bailey   | Acquired the +9 executioner's axe "Trog's Outrage" {vamp,
                  | Str+3}
  7981 | Bailey   | Noticed an orc warlord
  7990 | Bailey   | Killed an orc warlord
  7991 | Bailey   | Reached skill level 5 in Fighting
  8008 | Bailey   | Identified the ring of Intercession {+Blink MP+9 AC+4}
  8382 | D:8      | Identified the +8 trident of the Teaching Dove {flame,
                  | Str+3}
  8957 | D:8      | Found a runed translucent gate.
  8957 | D:8      | Found a runed translucent gate.
  8957 | D:8      | Found a runed translucent gate.
  8957 | D:8      | Noticed diceflayer's ghost (novice DsFi)
  8984 | D:8      | Noticed a boulder beetle
  9309 | D:9      | Noticed Maurice
  9313 | D:9      | Killed Maurice
  9368 | D:9      | Noticed a two-headed ogre
  9390 | D:9      | Killed a two-headed ogre
  9391 | D:9      | Reached skill level 13 in Axes
  9429 | D:9      | Found an opulent altar of Gozag.
  9433 | D:9      | Found a sparkling altar of Nemelex Xobeh.
  9553 | D:9      | Reached XP level 11. HP: 81/81 MP: 11/11
  9608 | D:9      | Reached skill level 5 in Armour
  9805 | D:9      | Noticed an orange crystal statue
  9926 | D:10     | Entered Level 10 of the Dungeon
 10000 | D:10     | Found a staircase to the Lair.
 10053 | D:10     | Found a bloodstained altar of Trog.
 10057 | D:10     | Found an ancient bone altar of Kikubaaqudgha.
 10108 | D:10     | Found a staircase to the Orcish Mines.
 10418 | D:10     | Found Vakiops's Antique Armour Shoppe.
 10579 | D:10     | Noticed Snorg
 10590 | D:10     | Killed Snorg
 10831 | D:10     | Reached skill level 14 in Axes
 10867 | D:10     | Found a hazy altar of Hepliaklqana.
 10867 | D:10     | Found an ornate altar of the Wu Jian Council.
 10873 | D:10     | Found a broken altar of Ashenzari.
 10876 | D:10     | Found a snail-covered altar of Cheibriados.
 10882 | D:10     | Became a worshipper of Cheibriados the Contemplative
 11034 | D:11     | Reached skill level 1 in Invocations
 11280 | D:11     | Noticed a two-headed ogre
 11287 | D:11     | Killed a two-headed ogre
 11303 | D:11     | Reached * piety under Cheibriados
 11319 | D:11     | Reached XP level 12. HP: 77/92 MP: 14/14
 11513 | D:11     | Noticed a boulder beetle
 11531 | D:11     | Killed a boulder beetle
 11982 | D:5      | Bought a scroll of acquirement for 624 gold pieces
 11982 | D:5      | Acquired the ring of Sediown {rElec EV+5}
 12017 | D:5      | Killed raph's ghost
 12154 | D:8      | Killed diceflayer's ghost
 12156 | D:8      | Killed a boulder beetle
 12383 | Lair:1   | Entered Level 1 of the Lair of Beasts
 12505 | Lair:1   | Reached skill level 5 in Invocations
 12509 | Lair:1   | Reached ** piety under Cheibriados
 12532 | Lair:1   | Reached skill level 15 in Axes
 12574 | Lair:1   | Noticed Joseph
 12589 | Lair:1   | Killed Joseph
 12961 | Lair:1   | Gained mutation: You are powered by pain. [demonic
                  | ancestry]
 12961 | Lair:1   | Reached XP level 13. HP: 102/102 MP: 17/17
 13217 | Lair:2   | Reached skill level 16 in Axes
 13250 | Lair:2   | Reached *** piety under Cheibriados
 13441 | Lair:2   | Reached skill level 10 in Fighting
 13574 | Lair:2   | Acquired 364 gold pieces
 13672 | D:10     | Bought a runed plate armour for 676 gold pieces
 13747 | Lair:2   | Found a staircase to the Snake Pit.
 13840 | Lair:2   | Gained mutation: You are mostly covered in yellow scales.
                  | (AC +3) [demonic ancestry]
 13840 | Lair:2   | Reached XP level 14. HP: 110/110 MP: 18/18
 13987 | Lair:2   | You fall into a shaft and drop 1 floor!
 14006 | Lair:3   | Reached **** piety under Cheibriados
 14098 | Lair:3   | Found a staircase to the Shoals.
 14627 | Lair:3   | Reached ***** piety under Cheibriados
 14758 | Lair:4   | Found a staircase to the Slime Pits.
 14759 | Lair:4   | Found a viscous altar of Jiyva.
 15016 | Lair:4   | Reached skill level 17 in Axes
 15521 | Lair:5   | Entered Level 5 of the Lair of Beasts
 15561 | Lair:5   | Reached skill level 1 in Throwing
 15578 | Lair:5   | Found a gate leading to a gauntlet.
 15587 | Gauntlet | Entered a Gauntlet
 15587 | Gauntlet | Found a transporter.
 15587 | Gauntlet | Found a transporter.
 15587 | Gauntlet | Found a runed translucent gate.
 15587 | Gauntlet | Found a runed translucent gate.
 15587 | Gauntlet | Found a runed translucent gate.
 15595 | Gauntlet | Found a transporter.
 15599 | Gauntlet | Found a transporter.
 15608 | Gauntlet | Found a transporter.
 15611 | Gauntlet | Found a transporter.
 15619 | Gauntlet | Found a transporter.
 15636 | Gauntlet | Found a transporter.
 15653 | Gauntlet | Found a transporter.
 15654 | Gauntlet | Found a transporter.
 15662 | Gauntlet | Found a transporter.
 15666 | Gauntlet | Found a transporter.
 15781 | Gauntlet | Identified the +0 chain mail of the Elven Halls {+Blink
                  | rPois rF- Int+5}
 15818 | Gauntlet | Identified the +5 ring mail "Deuramuf" {Rampage rN+}
 15927 | Lair:5   | Found a runed translucent door.
 16036 | Lair:5   | Reached skill level 5 in Dodging
 16068 | Lair:5   | Paralysed by a hornet for 3 turns
 16234 | Lair:5   | Reached skill level 10 in Armour
 16234 | Lair:5   | Reached ****** piety under Cheibriados
 16350 | Lair:5   | Noticed Kirke
 16368 | Lair:5   | Killed Kirke
 16369 | Lair:5   | Reached XP level 15. HP: 116/119 MP: 19/19
 16381 | Lair:5   | Got Dorifaga's Incunable of Hoarfrost and Fire
 16390 | Lair:5   | Found the +15 Maxwell's patent armour {-Cast -Tele rElec
                  | Will+ rCorr}
 16607 | Lair:5   | Found a snail-covered altar of Cheibriados.
 17639 | D:12     | Found Wiet's Antique Armour Boutique.
 17647 | D:12     | Bought a transparent plate armour for 952 gold pieces
 17647 | D:12     | Identified the +0 plate armour of Ewnuat {+Inv rCorr} (You
                  | bought it in a shop on level 12 of the Dungeon)
 17760 | D:12     | Found Jiguwk's Assorted Antiques.
 18031 | D:12     | Found Ygriyll's Armour Boutique.
 18192 | Orc:1    | Entered Level 1 of the Orcish Mines
 18799 | D:12     | Bought an embroidered cloak for 255 gold pieces
 18799 | D:12     | Bought an embroidered cloak for 255 gold pieces
 19015 | Orc:2    | Entered Level 2 of the Orcish Mines
 19206 | Orc:2    | Reached skill level 5 in Throwing
 19259 | Orc:2    | Found a staircase to the Elven Halls.
 19503 | Orc:2    | Reached XP level 16. HP: 129/129 MP: 22/22
 19585 | Orc:2    | Found Xoynn's Jewellery Emporium.
 19585 | Orc:2    | Found Ushreseol's Weapon Shop.
 19586 | Orc:2    | Found Tador's Assorted Antiques.
 19586 | Orc:2    | Found Qitsa's Weapon Emporium.
 19694 | Elf:1    | Entered Level 1 of the Elven Halls
 20008 | Elf:1    | Reached skill level 18 in Axes
 20909 | Elf:2    | Reached skill level 10 in Invocations
 20986 | Elf:2    | Found a runed translucent gate.
 20987 | Elf:2    | Found a runed translucent gate.
 20987 | Elf:2    | Found a runed translucent gate.
 21097 | Elf:2    | Acquired 604 gold pieces
 21281 | Elf:3    | Entered Level 3 of the Elven Halls
 21870 | Elf:3    | Gained mutation: You have hoof-like feet. [demonic
                  | ancestry]
 21870 | Elf:3    | Reached XP level 17. HP: 116/137 MP: 25/25
 22518 | Elf:3    | Found a portal to a secret trove of treasure.
 22894 | Elf:3    | Noticed a Brimstone Fiend
 22972 | Elf:3    | Noticed a deep elf master archer
 22983 | Elf:3    | Killed a deep elf master archer
 23229 | Elf:3    | Identified the amulet of Emevvis {Spirit Dex+4}
 23396 | Elf:3    | Noticed a deep elf blademaster
 23407 | Elf:3    | Killed a deep elf blademaster
 23493 | Elf:3    | Identified the +0 chain mail of Elyvilon's Scorn {rF- rC-
                  | Slay+5 Stlth+}
 23500 | Elf:3    | Noticed a deep elf blademaster
 23506 | Elf:3    | Killed a deep elf blademaster
 23517 | Elf:3    | Noticed a deep elf master archer
 23518 | Elf:3    | Noticed a deep elf master archer
 23524 | Elf:3    | Killed a deep elf master archer
 23524 | Elf:3    | Killed a deep elf master archer
 23666 | Elf:3    | Identified the staff of earth "Fiduja" {rC+}
 23677 | Elf:3    | Got the Omnibus of the Gathering and the Grave
 23680 | Elf:3    | Identified the staff of poison "Lajelyv" {Contam +Blink
                  | rPois Dex+5}
 23685 | Elf:3    | Identified the +6 shortbow "Ziewnor" {flame, MP-9 Str+5}
 23977 | Snake:1  | Entered Level 1 of the Snake Pit
 24272 | Snake:1  | Learned a level 4 spell: Olgreb's Toxic Radiance
 25169 | Snake:2  | Reached skill level 1 in Poison Magic
 25343 | Snake:2  | Reached skill level 1 in Spellcasting
 25667 | Snake:2  | Noticed Aizul
 25681 | Snake:2  | Killed Aizul
 26880 | Snake:3  | Acquired 742 gold pieces
 26951 | Snake:3  | Found Naj Dess's Weapon Shop.
 26956 | Snake:3  | Found Ysobuh's Book Shop.
 26966 | Snake:3  | Bought a book of the Spheres for 918 gold pieces
 27003 | Snake:3  | Acquired 792 gold pieces
 27015 | Snake:3  | Noticed Bai Suzhen
 27027 | Snake:3  | Killed Bai Suzhen
 27108 | Snake:3  | Gained mutation: Your hexes are more powerful. [demonic
                  | ancestry]
 27108 | Snake:3  | Reached XP level 18. HP: 81/146 MP: 27/27
 27313 | Snake:3  | Noticed Azrael
 27323 | Snake:3  | Killed Azrael
 27975 | Snake:3  | Reached skill level 10 in Dodging
 28044 | Snake:3  | Identified Roxanne's Almanac of Modification
 28044 | Snake:3  | Noticed Roxanne
 28168 | Snake:4  | Entered Level 4 of the Snake Pit
 28936 | Snake:4  | Reached skill level 19 in Axes
 30013 | Snake:4  | Reached skill level 5 in Poison Magic
 30064 | Snake:4  | Got a serpentine rune of Zot
 30404 | Shoals:1 | Entered Level 1 of the Shoals
 30678 | Shoals:1 | Identified the +0 plate armour "Giokuus" {+Inv Dex+3}
 30743 | Shoals:1 | Found Zunesiryri's Antique Armour Emporium.
 31289 | Shoals:2 | Reached skill level 5 in Spellcasting
 31291 | Shoals:2 | Gained mutation: You have hooves in place of feet. [demonic
                  | ancestry]
 31291 | Shoals:2 | Reached XP level 19. HP: 154/154 MP: 28/28
 31397 | Shoals:2 | Noticed Stirner's ghost (adept OgGl)
 31406 | Shoals:2 | Found a runed translucent gate.
 31406 | Shoals:2 | Found a runed translucent gate.
 31408 | Shoals:2 | Found a runed translucent gate.
 32139 | Shoals:3 | Reached skill level 15 in Fighting
 32249 | Shoals:3 | Reached skill level 10 in Throwing
 32667 | Shoals:4 | Entered Level 4 of the Shoals
 32868 | Shoals:4 | Got a barnacled rune of Zot
 32869 | Shoals:4 | Identified the +6 trident of Gluttony {heavy, rN+ Will+
                  | Int+5 Stlth+}
 32907 | Shoals:4 | Paralysed by an air elemental for 1 turns
 33355 | Shoals:4 | Paralysed by an air elemental for 1 turns
 34523 | D:13     | Found a gate to the Vaults.
 35185 | D:14     | Found a bloodstained altar of Trog.
 35310 | D:15     | Entered Level 15 of the Dungeon
 35643 | D:15     | Found a snail-covered altar of Cheibriados.
 36001 | D:15     | Found a staircase to the Depths.
 36362 | Slime:1  | Entered Level 1 of the Pits of Slime
 36467 | Slime:2  | Gained mutation: You are completely covered in yellow
                  | scales. (AC +4, rCorr) [demonic ancestry]
 36467 | Slime:2  | Reached XP level 20. HP: 157/164 MP: 29/29
 36660 | Slime:4  | Gained mutation: You are vulnerable to cold. (rC-) [a
                  | shining eye]
 36663 | Slime:4  | Gained mutation: You are dopey. (Int -2) [a shining eye]
 36719 | Slime:5  | Entered Level 5 of the Pits of Slime
 37100 | Slime:5  | Found a viscous altar of Jiyva.
 37101 | Slime:5  | Noticed the Royal Jelly
 37127 | Slime:5  | Killed the Royal Jelly
 37128 | Slime:5  | Reached skill level 20 in Axes
 37163 | Slime:5  | Found the amulet of Elemental Vulnerability {rPois rF--
                  | rC-- AC+8}
 37341 | Slime:5  | Identified the ring "Woil" {AC+4 Str+3 SInv}
 37368 | Slime:5  | Got the Compilation of Misery and Turbulence
 37376 | Slime:5  | Identified the +5 short sword of Neurosis {heavy, Will+}
 37378 | Slime:5  | Got a slimy rune of Zot
 37396 | Slime:5  | Identified the +10 halberd "Secivveg" {flame, Fragile
                  | Str+4}
 37400 | Slime:5  | Got the Almanac of Wanderlust
 37430 | Slime:5  | Identified the ring "Nisiurghi" {Fly rF+}
 37681 | D:10     | Lost mutation: You are dopey. (Int -2) [potion of mutation]
 37681 | D:10     | Lost mutation: You are vulnerable to cold. (rC-) [potion of
                  | mutation]
 37681 | D:10     | Gained mutation: You are dopey. (Int -2) [potion of
                  | mutation]
 37837 | Vaults:1 | Entered Level 1 of the Vaults
 38096 | Vaults:1 | Reached skill level 15 in Armour
 38398 | Vaults:1 | Noticed Saint Roka
 38416 | Vaults:1 | Killed Saint Roka
 38654 | Vaults:1 | Gained mutation: Your melee attacks may debilitate your
                  | foes. [demonic ancestry]
 38654 | Vaults:1 | Reached XP level 21. HP: 172/172 MP: 30/30
 39131 | Vaults:1 | Found a gateway to a bazaar.
 39888 | Vaults:2 | Noticed Nikola
 39902 | Vaults:2 | Killed Nikola
 41154 | Vaults:3 | Found a staircase to the Crypt.
 41404 | Vaults:3 | Reached XP level 22. HP: 182/182 MP: 31/31
 41745 | Vaults:4 | Found a flickering gateway to a bazaar.
 41758 | Bazaar   | Entered a bazaar
 41876 | Bazaar   | Found Riunotza's General Store.
 41898 | Bazaar   | Found Xaquni's Antique Armour Emporium.
 41919 | Bazaar   | Found Nogal's Book Boutique.
 41939 | Bazaar   | Found Cogavair's Magic Scroll Shoppe.
 41945 | Bazaar   | Bought a scroll of teleportation for 48 gold pieces
 41945 | Bazaar   | Bought a scroll of teleportation for 48 gold pieces
 41966 | Bazaar   | Bought 5 silver javelins for 405 gold pieces
 41966 | Bazaar   | Bought 2 potions of curing for 54 gold pieces
 42231 | Vaults:4 | Reached skill level 21 in Axes
 43316 | Vaults:5 | Entered Level 5 of the Vaults
 44010 | Vaults:5 | Noticed a golden dragon
 44018 | Vaults:5 | Killed a golden dragon
 44264 | Vaults:5 | Reached XP level 23. HP: 190/190 MP: 32/32
 44289 | Vaults:5 | Identified the +6 chain mail of the Blue Moon {Rampage
                  | Will- Regen+}
 44332 | Vaults:5 | Got a silver rune of Zot
 44335 | Vaults:5 | Identified the +9 short sword of Dismemberment {holy, rF+}
 44409 | Abyss:2  | Cast into level 2 of the Abyss (vault guard)
 44788 | Vaults:5 | Escaped the Abyss
 45185 | Vaults:5 | Found the +3 pair of mountain boots {steadfast, rC+}
 45191 | Vaults:5 | Reached skill level 10 in Evocations
 45250 | Vaults:5 | Identified the staff of poison "Sorpheg" {rPois Dex+6
                  | Stlth-}
 45256 | Vaults:5 | Identified the +1 leather armour "Lotygymath" {rPois Str+3}
 45564 | Vaults:5 | Identified the staff of fire "Kyaduryav" {rElec rPois rF+
                  | rN+ Will+ Str-5}
 45627 | Vaults:5 | Reached skill level 15 in Dodging
 45757 | Vaults:5 | Identified the staff of air "Letosm" {rElec Will+ Str+2
                  | Dex-2}
 45932 | Vaults:5 | Learned a level 4 spell: Animate Dead
 46145 | Depths:1 | Entered Level 1 of the Depths
 46153 | Depths:1 | Noticed the Enchantress
 46159 | Depths:1 | Killed the Enchantress
 46160 | Depths:1 | Reached skill level 1 in Necromancy
 46604 | Depths:1 | Found a gateway to Hell.
 47076 | Depths:2 | Found a one-way gateway to a ziggurat.
 47090 | Zig:1    | Entered Level 1 of a ziggurat
 47226 | Zig:2    | Entered Level 2 of a ziggurat
 47249 | Zig:3    | Entered Level 3 of a ziggurat
 47551 | Depths:2 | Gained mutation: You are completely covered in sharp
                  | spines. [demonic ancestry]
 47551 | Depths:2 | Reached XP level 24. HP: 200/200 MP: 32/32
 47568 | Depths:2 | Noticed a juggernaut
 47576 | Depths:2 | Killed a juggernaut
 47624 | Depths:2 | Got the Guide on Snow-white Arcane Weapons
 48140 | Depths:2 | Found a one-way gate leading to the halls of Pandemonium.
 48144 | Depths:2 | Gained mutation: You occasionally lose the ability to drink
                  | potions when taking damage. [a neqoxec]
 48147 | Depths:2 | Lost mutation: You are dopey. (Int -2) [potion of mutation]
 48147 | Depths:2 | Lost mutation: You occasionally lose the ability to drink
                  | potions when taking damage. [potion of mutation]
 48147 | Depths:2 | Gained mutation: You are somewhat resistant to further
                  | mutation. [potion of mutation]
 48147 | Depths:2 | Gained mutation: Your spells are a little harder to cast,
                  | but a little more powerful. [potion of mutation]
 48224 | Depths:3 | Reached skill level 5 in Necromancy
 48275 | Depths:3 | You are sucked into a shaft and drop 1 floor!
 48275 | Depths:4 | Entered Level 4 of the Depths
 48283 | Depths:4 | Reached skill level 15 in Throwing
 48389 | Depths:3 | Found the +5 glaive of the Guard {elec, spectral, AC+5}
 48436 | Depths:3 | Reached skill level 22 in Axes
 48740 | Depths:3 | Found a one-way gate to the infinite horrors of the Abyss.
 48812 | Depths:3 | Found a sacrificial altar of Ru.
 49202 | Depths:3 | Found Lonwem's Magic Scroll Boutique.
 49207 | Depths:3 | Bought a scroll of teleportation for 36 gold pieces
 49207 | Depths:3 | Bought a scroll of teleportation for 36 gold pieces
 49207 | Depths:3 | Bought a scroll of teleportation for 36 gold pieces
 49207 | Depths:3 | Bought a scroll of enchant armour for 90 gold pieces
 49253 | Depths:3 | Voluntarily entered the Abyss.
 49450 | Abyss:3  | Found a corrupted altar of Lugonu.
 49460 | Abyss:3  | Got an abyssal rune of Zot
 49473 | Depths:3 | Escaped the Abyss
 49830 | Elf:3    | You showed the abyssal rune of Zot to enter a treasure
                  | trove
 49831 | Trove    | Entered a treasure trove
 49841 | Trove    | Identified the +9 whip "Reupluc" {venom, rPois rN+}
 49842 | Trove    | Identified the +3 whip of Paper {venom, rF+ rC+}
 49852 | Trove    | Identified the +1 mace of the Gibberer {holy, Contam rC+
                  | rN+ Int+2}
 49853 | Trove    | Identified the +3 hand axe of Peace {holy, Dex+3}
 50480 | Depths:4 | Found Caomel's Antique Weapon Boutique.
 50483 | Depths:4 | Found Imubo's General Store.
 50483 | Depths:4 | Found Arphojy's Distillery.
 50495 | Depths:4 | Found Camosch's Antique Weapon Shop.
 50500 | Depths:4 | Bought a scroll of teleportation for 51 gold pieces
 50500 | Depths:4 | Bought a scroll of fear for 68 gold pieces
 50506 | Depths:4 | Bought 2 potions of resistance for 340 gold pieces
 50506 | Depths:4 | Bought a potion of heal wounds for 85 gold pieces
 50506 | Depths:4 | Bought 2 potions of curing for 102 gold pieces
 50506 | Depths:4 | Bought a potion of curing for 51 gold pieces
 50506 | Depths:4 | Bought 2 potions of curing for 102 gold pieces
 50506 | Depths:4 | Bought a potion of curing for 51 gold pieces
 50708 | Depths:4 | Found a gate to the Realm of Zot.
 51380 | Zot:1    | Entered Level 1 of the Realm of Zot
 51386 | Zot:1    | Noticed an orb of fire
 52223 | Zot:1    | Killed an orb of fire
 52224 | Zot:1    | Gained mutation: You are surrounded by an aura of silence.
                  | [demonic ancestry]
 52224 | Zot:1    | Reached XP level 25. HP: 145/209 MP: 32/32
 53522 | Zot:2    | Noticed an orb of fire
 53522 | Zot:2    | Noticed an orb of fire
 53526 | Zot:2    | Killed an orb of fire
 53534 | Zot:2    | Killed an orb of fire
 53541 | Zot:2    | Noticed an ancient lich
 53560 | Zot:2    | Killed an ancient lich
 53588 | Zot:2    | Acquired the ring of Due Proportion {Fly rF+++ Will- EV+5
                  | Str-4}
 54855 | Zot:3    | Found a transporter.
 54909 | Zot:3    | Found a transporter.
 55203 | Zot:3    | Noticed an orb of fire
 55207 | Zot:3    | Noticed a dread lich
 55220 | Zot:3    | Gained mutation: You are agile. (Dex +4, Str/Int -1) [a
                  | cacodemon]
 55223 | Zot:3    | Killed an orb of fire
 55226 | Zot:3    | Killed a dread lich
 55612 | Zot:3    | Identified the ring "Oraviare" {+Blink rN+ MP+9 Slay+5}
 55620 | Zot:3    | Identified the +4 shortbow "Earthworm" {antimagic, Str+3}
 55625 | Zot:3    | Identified the amulet of Coronation {*Corrode rN+ Regen+
                  | Int+3}
 55791 | Zot:4    | Found a transporter.
 55793 | Zot:4    | Found a transporter.
 55825 | Zot:4    | Found a transporter.
 55832 | Zot:4    | Found a transporter.
 56053 | Zot:4    | Found a transporter.
 56056 | Zot:4    | Found a transporter.
 56068 | Zot:4    | Reached XP level 26. HP: 218/218 MP: 30/32
 57597 | Zot:5    | Entered Level 5 of the Realm of Zot
 57797 | Zot:5    | Reached skill level 10 in Necromancy
 58017 | Zot:5    | Noticed a dread lich
 58032 | Zot:5    | Killed a dread lich
 58283 | Zot:5    | Noticed an orb of fire
 58299 | Zot:5    | Killed an orb of fire
 58311 | Zot:5    | Reached skill level 23 in Axes
 58339 | Zot:5    | Noticed an orb of fire
 58347 | Zot:5    | Noticed an ancient lich
 58347 | Zot:5    | Noticed an orb of fire
 58368 | Zot:5    | Killed an orb of fire
 58377 | Zot:4    | Killed an ancient lich
 58650 | Zot:5    | Killed an orb of fire
 58919 | Zot:5    | Noticed an orb of fire
 59022 | Zot:5    | Gained mutation: You sometimes lose your temper in combat.
                  | [an orb of fire]
 59023 | Zot:5    | Lost mutation: You are somewhat resistant to further
                  | mutation. [an orb of fire]
 59032 | Zot:5    | Killed an orb of fire
 59503 | Zot:5    | Got the Orb of Zot
 60155 | D:$      | Escaped with the Orb!

Illustrated notes

Levels and vault maps discovered:
D:1:      minmay_arrival_split_and_join, layout_basic
D:2:      layout_loops_ring, basic_altar, uniq_natasha
D:3:      layout_basic, kennysheep_generic_room_14, uniq_jessica, uniq_sigmund
D:4:      layout_rooms, nicolae_grassy_gnolls
D:5:      layout_basic, minitemple, minmay_temple_entry_drinking_statues,
          hellmonk_ghost_happy_afterlife, serial_shops, shop, shop, shop,
          shop_fountains, nicolae_shop_crystal, uniq_duvessa
D:6:      layout_basic, uniq_menkaure
D:7:      layout_loops_corners, hangedman_decor_push, uniq_maggie
D:8:      layout_layer_cave, gammafunk_ghost_split, enter_bailey_2,
          grunt_ministairs_4, hex_medium, nicolae_titane
D:9:      kennysheep_ambush_hall, layout_cave_pools,
          grunt_temple_overflow_opulence, minivault_25, minivault_16,
          uniq_maurice
D:10:     layout_long_grid, nicolae_overflow_hallway_of_the_gods,
          hellmonk_lair_entry_icy, serial_shops, nicolae_shop_dealshenge,
          uniq_snorg
D:11:     layout_rooms, serial_glass, glass_columns_a, glass_columns_a,
          glass_columns_c, glass_columns_c, glass_columns_b, glass_columns_a,
          glass_columns_b, glass_columns_a, due_unseen_surprise
D:12:     layout_stronghold, serial_shops, nicolae_shop_advertising_works
          [nicolae_subvault_shop_adworks], shop, nicolae_shop_hallway_plus
D:13:     layout_loops_ring, erik_vaults_2
D:14:     layout_gridville, trog_three_pillars_becter
D:15:     grunt_enter_depths_hoard, layout_gridville, cheibrodos_worm_habitat
Temple:   dpeg_chambers_temple
Lair:1:   layout_misc_corridors, beast_lair_carwin_4, uniq_joseph
Lair:2:   layout_long_grid, guppyfry_snake_entry_garden, grunt_megastairs_2
Lair:3:   layout_loops_ring, nicolae_shoals_entry_roost, minmay_holes
Lair:4:   layout_loops_ring, slime_entry_1, lookout_lair_type, minivault_26,
          nzn_sisyphean_effort, grunt_megastairs_5, lemuel_fruit_tree
Lair:5:   wormcave, layout_regular_city, hangedman_lair_caniforms_friends,
          gauntlet_entry_generic, nicolae_quartered_pool_super,
          serial_bayou_pond_d, minivault_25, dreamdust_deal_with_the_devil,
          chequers_serial_rivers_room_b, kennysheep_snail_temple, uniq_kirke
Shoals:1: layout_shoals, serial_shops, nicolae_take_the_stairs
Shoals:2: layout_shoals, gammafunk_ghost_split
Shoals:3: layout_shoals, nicolae_shoals_this_corrosion
Shoals:4: shoals_end_hellmonk_storm_palace [storm_palace_center_square,
          storm_palace_corner_pillars, storm_palace_corner_narrow,
          storm_palace_corner_narrow, storm_palace_corner_grid]
Snake:1:  layout_chambers, st_stairs_1, serial_bayou_shore_b,
          nicolae_triple_integral
Snake:2:  layout_layer_cave, nicolae_fountain_basement, nicolae_integral_box,
          uniq_aizul
Snake:3:  layout_gridlike, nicolae_snake_slithery_hallway,
          serial_bayou_lagoon_b, minmay_shop_star, uniq_azrael, uniq_roxanne,
          uniq_bai_suzhen
Snake:4:  snake_pit_salamanders_mu, layout_onion_interference,
          nicolae_snake_gridmaze_big_u
Slime:1:  layout_caves
Slime:2:  layout_caves, basic_altar
Slime:3:  layout_caves, cheibrodos_slime_lost_civilization_4
Slime:4:  layout_caves, nicolae_slime_phagocytosis
Slime:5
Orc:1:    layout_caves, special_room [special_room_orc], bh_open_orc_temple
Orc:2:    st_orc_ogre_mass, layout_diamond_mine
Elf:1:    layout_geoelf_octagon, kennysheep_underground_church,
          dreamdust_princess_corridor
Elf:2:    nicolae_elf_blades_crystal_corner, layout_geoelf_octagon,
          grunt_ministairs_7
Elf:3:    minmay_elf_hall_statues, layout_geoelf_diagonals, special_room
          [special_room_orc], nicolae_trove_entry_path_of_doom,
          patterned_corridor
Vaults:1: nicolae_vaults_little_squares_2, nicolae_vaults_closet_pinwheel_3,
          v_pattern_5, hangedman_vaults_nails, ontoclasm_vaults_twist,
          nicolae_vaults_closet_pinwheel_1, st_octagons_2,
          hangedman_vaults_cutoff, dpeg_vaults_monster_box,
          ontoclasm_vaults_fault, nicolae_vaults_two_Ls,
          nicolae_vaults_little_squares_1, layout_vaults_ring, serial_shops,
          statue_bzr, uniq_saint_roka
Vaults:2: hangedman_vaults_trim, hangedman_vaults_unwind,
          hangedman_vaults_slither, nicolae_vaults_house_2, v_misc_5, v_misc_14,
          nicolae_vaults_cornered_office, nicolae_vaults_branching_niches,
          nicolae_vaults_closet_pinwheel_4, layout_vaults_omnibox, uniq_nikola
Vaults:3: hangedman_vaults_pinch, ontoclasm_vaults_spin,
          nicolae_vaults_more_shelving_1, minmay_crypt_entry_simple_box,
          nicolae_vaults_circle_grid_b, grunt_vaults_focal, v_alt_pattern_2,
          nicolae_vaults_weapon_check, vaults_dpeg_hooks,
          nicolae_vaults_security_offices_4, v_misc_14,
          nicolae_vaults_angled_halls, layout_vaults_big_room
Vaults:4: hangedman_vaults_capsules, vaults_mumra_minichess, v_misc_11,
          v_misc_2, nicolae_vaults_security_offices_2, v_misc_4,
          ontoclasm_vaults_loading_screen, nicolae_vaults_little_squares_3,
          nicolae_vaults_rhombus_5, layout_vaults_omnigrid, serial_shops,
          bzr_entry_lakeside
Vaults:5: serial_shops
Depths:1: layout_cave_shapes, kennysheep_donut, hell_entry,
          nicolae_benzene_ring, minmay_misc_feat_roman,
          kennysheep_generic_room_10, uniq_enchantress
Depths:2: cheibrodos_spurs, layout_cave_pools, enter_ziggurat_b,
          pf_hell_entry_great_geh, rand_demon_pan_entry_5
Depths:3: minmay_shoctagon, layout_gridville, abyss_entry, serial_shops,
          kennysheep_little_box, hellmouth_3, nicolae_kite_square_tiling_tiny,
          nicolae_ru_great_annihilating_truth
Depths:4: evilmike_zot_entry_diamond, layout_gridville, grunt_hell_horde,
          minmay_shoptagon
Zot:1:    layout_misc_corridors, st_single_dragon_hoard_3
Zot:2:    grunt_deathspiral_small, layout_concentric_octagons
Zot:3:    gammafunk_dig_for_victory, layout_cellular_growth, lemuel_elevator
Zot:4:    layout_onion, serial_nicolae_subway, nicolae_sub_station_crystal,
          nicolae_sub_station_metal, nicolae_sub_station_stone
Zot:5:    layout_basic

Skill      XL: |  1  2  3  4  5  6  7  8  9 10 11 12 13 14 15 16 17 18 19 20 21 22 23 24 25 26 |
---------------+-------------------------------------------------------------------------------+-----
Axes           | 2 3 4 5 6 7 9 11 13 14 15 16 17 18 19 20 21 22 23 | 23.2
Evocations     | 2 4 5 7 9 11 12 13 14 | 14.4
Armour         | 2 4 6 8 10 11 12 13 14 15 16 17 18 19 | 19.2
Fighting       | 4 6 7 9 10 11 12 13 14 15 16 17 18 19 20 | 20.8
Invocations    | 3 6 8 10 12 | 12.0
Dodging        | 2 5 7 8 9 10 11 12 13 14 15 16 17 | 17.5
Throwing       | 3 5 7 8 9 11 12 13 14 15 16 17 | 17.0
Poison Magic   | 2 5 |  5.0
Spellcasting   | 2 5 |  5.0
Necromancy     | 4 7 9 11 | 11.4
Stealth        | |  4.5

Action                     |  1- 3 |  4- 6 |  7- 9 | 10-12 | 13-15 | 16-18 | 19-21 | 22-24 | 25-27 || total
---------------------------+-------+-------+-------+-------+-------+-------+-------+-------+-------++-------
  Melee: Hand axe          |    71 |    73 |    65 |       |       |       |       |       |       ||   209
         Kick              |    10 |    20 |    30 |    53 |   208 |   289 |   430 |   509 |   317 ||  1866
         Punch             |     1 |       |       |       |     1 |       |       |       |       ||     2
         Unarmed           |       |     1 |       |       |       |       |       |       |       ||     1
         Battleaxe         |       |       |    84 |    70 |       |       |       |       |       ||   154
         Executioner's axe |       |       |       |   247 |   609 |   748 |  1009 |  1080 |   619 ||  4312
         Trident           |       |       |       |       |    14 |       |       |       |       ||    14
  Throw: Dart              |       |       |       |     3 |       |       |       |       |       ||     3
         Javelin           |       |       |       |       |       |       |     7 |       |     8 ||    15
 Invoke: Temporal Distorti |       |       |       |       |       |    18 |    12 |     5 |    12 ||    47
         Slouch            |       |       |       |       |       |     2 |     1 |     5 |    12 ||    20
  Evoke: Wand              |       |     3 |     4 |     9 |       |     4 |     8 |     1 |     4 ||    33
    Use: Potion            |     2 |     4 |       |     2 |     2 |     4 |     4 |     9 |    17 ||    44
         Scroll            |       |     2 |     7 |     9 |    12 |     5 |     3 |     2 |    16 ||    56
   Stab: Sleeping          |     2 |     7 |     7 |     2 |       |       |       |       |       ||    18
         Distracted        |       |       |     1 |     1 |     1 |       |     1 |       |     3 ||     7
         Invisible         |       |       |       |       |     6 |       |       |     1 |       ||     7
         Paralysed         |       |       |       |       |       |       |       |     1 |       ||     1
 Armour: Leather armour    |    26 |    13 |     7 |       |       |       |       |       |       ||    46
         Ring mail         |       |       |    20 |   106 |    29 |       |       |       |       ||   155
         Plate armour      |       |       |       |       |   338 |   637 |   756 |   706 |   379 ||  2816
  Dodge: Dodged            |    57 |    23 |    62 |   142 |   576 |   762 |  1061 |  1234 |   658 ||  4575
  Block: Other             |       |       |       |    76 |   175 |   218 |   268 |   264 |   133 ||  1134
         Reflection        |       |       |       |     6 |     3 |    43 |    21 |    12 |       ||    85
